Map: Prion Terraces

Players

Psycho

  • Race: Zerg Zerg
  • League: Diamond

ILLBdA - Winner!

  • Race: Protoss Protoss
  • League: Diamond

VOD

Have the link to the VOD?

Description

Time

  • Played on: Jan. 3, 2016, 9:05 p.m.
  • Length: 5:33
Show
View Real Time Build Order
Export as new Build Order

Psycho Zerg 

Build Orders: Hatch First 

Get SALT Encoding   

  12  0:01  Drone  
  13  0:12  Overlord  
  13  0:18  Drone  
  14  0:23  Drone, Extractor  
  15  0:30  Drone  
  15  0:34  Drone  
  17  0:54  Hatchery  
  16  0:58  Drone  
  16  1:01  Drone  
  16  1:03  Extractor  
  17  1:19  Spawning Pool  
  17  1:21  Drone  
  17  1:25  Drone  
  18  1:28  Drone  
  19  1:39  Drone  
  20  1:52  Overlord  
  20  2:07  Extractor, Queen  
  20  2:08  Metabolic Boost  
  21  2:09  Drone  
  23  2:31  Hatchery  
  23  2:33  Zergling x2  
  23  2:34  Zergling x2  
  23  2:36  Zergling x2  
  25  2:41  Drone  
  25  2:43  Drone  
  27  2:50  Pneumatized Carapace  
  27  2:53  Drone  
  28  2:59  Drone x2  
  28  3:03  Drone  
  32  3:11  Extractor, Queen  
  32  3:12  Drone x2  
  35  3:19  Overlord  
  35  3:20  Drone  
  35  3:22  Extractor  
  35  3:23  Drone, Extractor  
  35  3:24  Drone  
  36  3:41  Drone  
  37  3:45  Evolution Chamber  
  37  3:46  Zergling x2  
  37  3:47  Zergling x4  
  39  3:52  Baneling Nest  
  39  3:54  Drone x2  
  39  3:55  Hatchery  
  39  4:00  Extractor  
  38  4:03  Zergling x2  
  38  4:05  Zergling x4  
  38  4:06  Zergling x2  
  42  4:19  Overlord  
  42  4:20  Zergling x2  
  43  4:38  Overlord  
  43  4:39  Zergling x10  
  48  4:51  Drone x2  
  48  4:52  Drone  
  51  4:57  Overlord  
  51  4:58  Drone x3  
  51  4:59  Drone  
Show
View Real Time Build Order
Export as new Build Order

ILLBdA Protoss - Winner!

Build Orders: Nexus First 

Get SALT Encoding   

  12  0:01  Probe (Chrono Boost)  
  13  0:11  Probe (Chrono Boost)  
  14  0:18  Pylon  
  14  0:22  Probe (Chrono Boost)  
  15  0:37  Probe (Chrono Boost)  
  16  0:47  Probe (Chrono Boost)  
  17  1:00  Nexus  
  17  1:03  Probe (Chrono Boost)  
  18  1:14  Probe (Chrono Boost)  
  19  1:21  Gateway  
  19  1:25  Probe (Chrono Boost)  
  20  1:28  Assimilator  
  20  1:35  Probe (Chrono Boost)  
  20  1:36  Assimilator  
  21  1:46  Probe (Chrono Boost)  
  22  1:54  Pylon  
  22  1:56  Probe (Chrono Boost)  
  23  2:10  Cybernetics Core  
  23  2:12  Probe (Chrono Boost), Zealot  
  26  2:19  Probe (Chrono Boost)  
  27  2:27  Pylon  
  27  2:29  Pylon  
  27  2:34  Probe x2 (Chrono Boost)  
  29  2:43  Sentry  
  29  2:44  Probe (Chrono Boost)  
  29  2:46  Warp Gate (Chrono Boost)  
  29  2:49  Mothership Core (Chrono Boost)  
  34  2:56  Probe (Chrono Boost)  
  35  3:04  Pylon  
  35  3:07  Probe (Chrono Boost)  
  35  3:10  Probe (Chrono Boost)  
  37  3:17  Probe (Chrono Boost)  
  38  3:20  Stargate  
  38  3:22  Probe (Chrono Boost)  
  38  3:23  Assimilator  
  39  3:28  Probe (Chrono Boost)  
  39  3:32  Sentry  
  44  3:41  Probe (Chrono Boost)  
  44  3:43  Probe (Chrono Boost)  
  44  3:51  Forge  
  44  3:52  Probe (Chrono Boost)  
  44  3:55  Probe (Chrono Boost)  
  46  3:56  Gateway  
  46  3:58  Gateway x2  
  46  4:01  Phoenix (Chrono Boost)  
  46  4:06  Probe (Chrono Boost)  
  46  4:08  Sentry  
  51  4:13  Probe (Chrono Boost)  
  52  4:19  Probe (Chrono Boost)  
  53  4:24  Phoenix  
  53  4:27  Photon Cannon  
  53  4:31  Pylon  
  55  4:44  Gateway  
  55  4:46  Phoenix  
  55  4:48  Pylon  
  57  5:05  Photon Cannon  
  57  5:25  Twilight Council  
Tags
 
Add a new tag
Caveats
  • Supply blocks, unpowered buildings, or Contaminate may cause inaccurate times.
  • Supply counts are checked every 10 seconds.